[Event "III Copa Marcel Duchamp 2019"]
[Site "Montevideo"]
[Date "2019.02.15"]
[Round "8.25"]
[White "Guerrero, Alvaro"]
[Black "Hart, Alexander"]
[Result "1/2-1/2"]
[ECO "B12"]
[WhiteElo "2096"]
[BlackElo "1881"]
[Annotator "NA RC"]
[PlyCount "54"]
[EventDate "2019.02.09"]
[EventType "swiss"]
[EventCountry "URU"]
[SourceTitle "playchess.com"]
[Source "ChessBase"]
[SourceQuality "1"]
[TimeControl "5400+30"]

1. e4 c6 2. d4 d5 3. f3 dxe4 4. fxe4 e5 5. Nf3 Bg4 6. Bc4 Nd7 7. O-O {B12: Caro-Kann: Advance Variation} Ngf6 8. c3 Bd6 (8... Qc7 9. Qb3 O-O-O 10. Nbd2 Bd6 11. h3 Bh5 12. Ng5 Rhf8 13. Nxf7 Bxf7 14. Bxf7 exd4 15. cxd4 {½-½ (38) Gagunashvili,M (2588)-Paichadze,L (2554) Tbilisi 2017}) 9. Qb3 (9. Be3 $11) 9... O-O 10. Bg5 b5 11. Bd3 Qc7 12. Nbd2 Bh5 $146 ({Better is} 12... h6 $15 13. Bxf6 Nxf6) ({Predecessor:} 12... a6 13. Qc2 h6 14. dxe5 Bxe5 15. Nxe5 hxg5 16. Nxd7 Qxd7 {1-0 (29) Bakker,M (1839)-Stewart,N (2263) Leiden 2014}) 13. h3 h6 14. Be3 Bg6 15. Nh4 Kh7 16. Nf5 Rae8 17. Rae1 a5 (17... a6 $11) 18. Qc2 c5 (18... a4 $14) 19. d5 c4 20. Be2 Bc5 21. Bxc5 Qxc5+ 22. Kh2 Nb6 23. g4 Rh8 $11 24. Rf3 Kg8 25. Rg1 h5 26. g5 Ng4+ 27. Kh1 Bxf5 1/2-1/2

[Event "III Copa Marcel Duchamp 2019"]
[Site "Montevideo"]
[Date "2019.02.15"]
[Round "8.26"]
[White "Moccero, Eduardo"]
[Black "Sosa Macho, Juan Manuel"]
[Result "0-1"]
[ECO "A48"]
[WhiteElo "1950"]
[BlackElo "2079"]
[Annotator "NA RC"]
[PlyCount "76"]
[EventDate "2019.02.09"]
[EventType "swiss"]
[EventCountry "URU"]
[SourceTitle "playchess.com"]
[Source "ChessBase"]
[SourceQuality "1"]
[TimeControl "5400+30"]

1. d4 Nf6 2. Nf3 g6 3. c4 Bg7 4. Nc3 O-O 5. Bf4 d6 6. h3 c6 7. e3 Na6 {E61: King's Indian: Early deviations for White, including Smyslov System} (7... a6 8. Bd3 b5 9. O-O Nbd7 10. Rc1 Re8 11. Bh2 Bb7 12. a3 e5 13. Be2 Rc8 14. b4 exd4 15. exd4 Nb6 {1-0 (40) Melkumyan,H (2662)-Andriasian,Z (2586) Yerevan 2018}) 8. Be2 Nc7 9. O-O Rb8 10. a4 Bd7 $146 ({Predecessor:} 10... b6 11. b4 Nd7 12. Rc1 c5 13. dxc5 bxc5 14. b5 Nf6 15. Nd2 {1-0 (34) Cueto Chajtur,J (2350)-Diaz,J Elista 1998}) 11. Qc2 a5 12. Rfd1 Na6 13. Na2 Ne8 14. Rab1 Rc8 15. c5 d5 16. b4 b5 17. axb5 cxb5 18. bxa5 Qxa5 19. Qb3 Nac7 20. Nc3 Qa8 21. Ne5 Bxe5 22. Bxe5 Rb8 23. Bf3 Be6 24. Rb2 Rd8 25. Ra2 Qc6 26. Rb1 Bf5 27. Rba1 Be4 28. Be2 Rb8 29. Ra5 Nf6 30. Bxc7 Qxc7 31. Rxb5 e5 32. f3 exd4 33. exd4 Bf5 34. Nxd5 Nxd5 35. Rxb8 Qxb8 36. Qxd5 Qb2 {[#]} (36... Rd8 {is a better defense.} 37. Qe5 Qxe5 38. dxe5 Rd5) 37. Ra2 $4 (37. Re1 $1 $18 {is the narrow road to win.}) 37... Qb1+ 38. Kh2 Be6 $19 0-1

[Event "III Copa Marcel Duchamp 2019"]
[Site "Montevideo"]
[Date "2019.02.15"]
[Round "8.27"]
[White "Augoustis Funti, Alexis"]
[Black "Zaruski, Julio"]
[Result "*"]
[ECO "B00"]
[WhiteElo "1984"]
[BlackElo "1823"]
[Annotator "NA RC"]
[PlyCount "131"]
[EventDate "2019.02.09"]
[EventType "swiss"]
[EventCountry "URU"]
[SourceTitle "playchess.com"]
[Source "ChessBase"]
[SourceQuality "1"]
[TimeControl "5400+30"]

1. e4 Nc6 2. d4 d5 3. e5 Bf5 4. Nf3 e6 5. Bd3 Nce7 6. O-O h5 7. Bg5 Qd7 8. Nh4 Bxd3 9. Qxd3 g6 10. Nd2 Bh6 11. f4 Nf5 12. Nhf3 Bxg5 13. fxg5 Nge7 14. b3 Rd8 15. Rad1 b6 16. h3 c5 17. g4 hxg4 18. hxg4 c4 19. bxc4 Ng3 20. Rfe1 dxc4 21. Nxc4 Nd5 22. Nd6+ Ke7 23. Nh2 $18 Rh3 24. Rf1 Nxf1 25. Qxh3 Nxh2 26. Qxh2 Qa4 27. Qf2 Rf8 28. Rd3 Qxa2 29. Rf3 Kd8 30. c4 Qxf2+ 31. Kxf2 Nb4 32. Rxf7 Rxf7+ 33. Nxf7+ Ke7 34. Nh8 a5 35. Ke2 a4 36. Kd2 a3 37. Kc3 a2 38. Kb2 Nc2 39. Kxa2 Nxd4 40. Nxg6+ Kf7 41. Nf4 Nf3 42. g6+ Kg7 43. Nxe6+ Kg8 44. Kb3 Nxe5 45. Nf4 Nxg4 46. Kc3 Ne5 47. Kd4 Nc6+ 48. Kd5 Na5 49. Nd3 Kg7 50. Ne5 Kf6 51. Kd4 Kg7 52. Kc3 Kf6 53. Kd4 Kg7 54. Kd3 Kf6 55. Kc3 Kg7 56. Kb4 Kf6 57. Kb5 Kg7 58. c5 bxc5 59. Kxa5 c4 60. Kb4 Kf6 61. Kxc4 Kg7 62. Kd5 Kf6 63. Kd6 Kg7 64. Ke7 Kg8 65. Kf6 Kh8 66. Nc6 *

[Event "III Copa Marcel Duchamp 2019"]
[Site "Montevideo"]
[Date "2019.02.15"]
[Round "8.28"]
[White "Visillac, Alejandro"]
[Black "Gaye, Gustavo"]
[Result "0-1"]
[ECO "B06"]
[WhiteElo "1803"]
[BlackElo "1984"]
[Annotator "NA RC"]
[PlyCount "112"]
[EventDate "2019.02.09"]
[EventType "swiss"]
[EventCountry "URU"]
[SourceTitle "playchess.com"]
[Source "ChessBase"]
[SourceQuality "1"]
[TimeControl "5400+30"]

1. e4 g6 2. Nf3 c5 3. g3 Bg7 4. Bg2 Nc6 5. O-O e6 6. c3 {A04: Unusual lines after 1 Nf3 and King's Indian Attack} Nge7 (6... d5 7. exd5 exd5 8. d4 cxd4 9. Nxd4 Nge7 10. Bg5 h6 11. Bf4 O-O 12. Re1 Nxd4 13. cxd4 Nc6 {½-½ (28) Mamedov,R (2660)-Svidler,P (2722) Moscow 2010}) 7. d4 cxd4 8. cxd4 d5 9. e5 O-O 10. Nc3 Bd7 11. Bg5 h6 12. Be3 $146 ({Predecessor:} 12. Bf4 Rc8 13. Rc1 Na5 {½-½ (47) Mann,C (2305)-Pogorelov,R (2415) Budapest 1990}) 12... Na5 13. b3 Rc8 14. Rc1 Qb6 15. Qd2 Kh7 16. g4 Qb4 17. Ne4 Qxd2 18. Nf6+ Bxf6 19. Bxd2 Bg7 20. Bxa5 Nc6 21. Bc3 Rfe8 22. h3 Bf8 23. Bd2 Ba3 24. Rc2 (24. Rb1 $17 Nb4 25. Rfd1) 24... Nxe5 25. Nxe5 $2 (25. Ne1 {was necessary.} Nc6 26. Nf3) 25... Rxc2 26. Nxd7 Re7 27. Nf6+ Kg7 28. Bxh6+ Kxf6 29. Bf8 Rxa2 30. Bxe7+ Kxe7 31. Rd1 Bb2 32. Rd2 $19 (32. h4 $17 {keeps fighting.}) 32... Ra1+ 33. Bf1 Bc3 34. Rd3 Rc1 35. Kg2 b5 36. Be2 g5 37. Bd1 a5 38. Kg3 Be1 39. Kf3 Rc3 40. Rxc3 Bxc3 41. Ke3 Kd6 42. Kd3 Ba1 43. Be2 a4 44. bxa4 bxa4 45. Bd1 a3 46. Bb3 f6 47. f3 Kc6 48. Ke3 Kb5 49. Kd3 Kb4 50. Ba2 Bc3 51. f4 gxf4 52. h4 f3 53. h5 f2 54. Ke2 Bd2 55. Kxf2 Kc3 56. Ke2 Bg5 0-1

[Event "III Copa Marcel Duchamp 2019"]
[Site "Montevideo"]
[Date "2019.02.15"]
[Round "8.29"]
[White "De Haro, Martim Afonso Palma"]
[Black "Soto, Nicolas"]
[Result "0-1"]
[ECO "C17"]
[WhiteElo "1790"]
[BlackElo "1982"]
[Annotator "NA RC"]
[PlyCount "90"]
[EventDate "2019.02.09"]
[EventType "swiss"]
[EventCountry "URU"]
[SourceTitle "playchess.com"]
[Source "ChessBase"]
[SourceQuality "1"]
[TimeControl "5400+30"]

1. e4 e6 2. d4 d5 3. Nc3 Bb4 4. e5 c5 5. Bd2 cxd4 6. Nb5 Bxd2+ 7. Qxd2 Nc6 8. f4 Nge7 9. Nd6+ Kf8 10. Bd3 {C17: French: 3 Nc3 Bb4 4 e5 c5 sidelines} (10. Nf3 Nf5 11. Nxf5 exf5 12. Nxd4 Qb6 13. O-O-O Be6 14. Be2 a6 15. Rhf1 Rc8 16. Kb1 h5 17. Rf3 Na5 {½-½ (59) Zawadzka,J (2419)-Bednarek,S (2309) Katowice 2017}) 10... Nf5 11. Bxf5 exf5 12. Nf3 Qb6 $146 ({Predecessor:} 12... f6 13. O-O-O fxe5 14. fxe5 Nxe5 15. Nxc8 Nc6 16. Nxd4 Qxc8 17. Nxf5 Qc7 18. Rhf1 Ne5 19. Qxd5 Nd7 20. Nxg7+ Ke7 {1-0 (20) Allen,K-Sobey,A Bognor Regis 1965}) 13. O-O-O Be6 14. Nxd4 Nxd4 15. Qxd4 Qxd4 16. Rxd4 b6 17. Re1 h5 18. Re3 Ke7 19. Rc3 Rhd8 20. Rc7+ Rd7 21. Rxd7+ Kxd7 22. c4 dxc4 23. Nxf5+ Kc6 24. Rd6+ $16 Kc5 25. Nxg7 Bd5 26. Rf6 Rg8 27. Nxh5 Rxg2 28. h3 Bf3 29. Rh6 Kd4 30. Rd6+ Ke3 31. Nf6 Kxf4 32. Rd4+ Kxe5 33. Rxc4 Kxf6 34. Rf4+ Ke5 35. Rxf7 Be4 36. Rxa7 Rc2+ 37. Kd1 Rxb2 38. Ra6 Kd4 39. Kc1 Rc2+ 40. Kd1 b5 41. Ra7 b4 42. Ra4 Kc3 43. a3 Bf3+ 44. Ke1 b3 45. Rf4 Bd5 0-1

[Event "III Copa Marcel Duchamp 2019"]
[Site "Montevideo"]
[Date "2019.02.15"]
[Round "8.31"]
[White "Maestro, Esteban"]
[Black "Araque, Jairo"]
[Result "0-1"]
[ECO "C11"]
[WhiteElo "1533"]
[BlackElo "1961"]
[Annotator "NA RC"]
[PlyCount "68"]
[EventDate "2019.02.09"]
[EventType "swiss"]
[EventCountry "URU"]
[SourceTitle "playchess.com"]
[Source "ChessBase"]
[SourceQuality "1"]
[TimeControl "5400+30"]

1. e4 e6 2. d4 d5 3. Nc3 Nf6 4. e5 Nfd7 5. f4 c5 6. Nf3 Nc6 7. Be3 a6 8. Qd2 g6 {C11: French: Classical System: 4 e5 and 4 Bg5 dxe4} (8... b5 9. a3 Rb8 10. dxc5 Bxc5 11. Bxc5 Nxc5 12. b4 Nd7 13. Bd3 Qb6 14. Ne2 f6 15. exf6 Nxf6 16. Ned4 Nxd4 17. Nxd4 {½-½ (31) Grischuk,A (2769)-Short,N (2652) Douglas 2018}) 9. O-O-O b5 10. dxc5 Nxc5 11. a3 $146 ({Predecessor:} 11. Bd3 b4 12. Ne2 Qc7 13. g4 Nxd3+ 14. Qxd3 a5 15. Ned4 {½-½ (29) Orehek,S (1913)-Plahuta,D (2069) Sentjur 2010}) 11... b4 12. axb4 Nxb4 13. Bxc5 Bxc5 14. Nd4 Bd7 15. Nb3 Be7 16. Kb1 Rc8 17. Qe3 Qc7 18. Be2 Rb8 19. Rd2 h5 20. g3 a5 $17 21. Na2 a4 22. Nd4 Qb7 23. c4 dxc4 24. Rc1 Nd5 25. Qf3 c3 26. Nxc3 Nxc3+ 27. Qxc3 Bb4 28. Qc2 Bxd2 29. Qxd2 Qb4 30. Qxb4 Rxb4 31. Nc2 Rb8 32. Bd1 Ke7 33. Nd4 Rhc8 34. Rxc8 Rxc8 0-1

[Event "III Copa Marcel Duchamp 2019"]
[Site "Montevideo"]
[Date "2019.02.15"]
[Round "8.32"]
[White "Rupel, David"]
[Black "Ortiz, Jorge"]
[Result "1-0"]
[ECO "E70"]
[WhiteElo "1953"]
[BlackElo "1809"]
[Annotator "NA RC"]
[PlyCount "135"]
[EventDate "2019.02.09"]
[EventType "swiss"]
[EventCountry "URU"]
[SourceTitle "playchess.com"]
[Source "ChessBase"]
[SourceQuality "1"]
[TimeControl "5400+30"]

1. c4 Nf6 2. Nc3 g6 3. e4 d6 4. d4 Bg7 5. Nge2 c6 {E70: King's Indian: Miscellaneous lines with 4 e4, including 5 Nge2 and 5 Bd3 0-0 6 Nge2} (5... Nbd7 6. Ng3 e5 7. d5 a5 8. Be2 Nc5 9. Be3 h5 10. Qc2 Ng4 11. Bxc5 dxc5 12. h3 Nf6 13. O-O-O Bh6+ 14. Kb1 O-O {0-1 (48) Salem,A (2660)-Grischuk,A (2771) St Petersburg 2018}) 6. h3 O-O 7. Be3 e5 8. d5 cxd5 9. cxd5 b5 $146 ({Predecessor:} 9... a6 10. g4 b5 11. Ng3 Nbd7 12. Be2 Nb6 13. Qd2 Bd7 14. b3 {½-½ (42) Hackbarth,W (2137)-Luciani,C (2236) Arco 2006}) 10. a3 a6 11. Ng3 Nbd7 12. Bd3 Nb6 13. Rc1 Ne8 14. O-O f5 15. f4 Bh6 16. exf5 Nc4 17. Bxc4 $1 bxc4 18. Qd2 exf4 19. Bxf4 Bxf4 $18 20. Rxf4 Bxf5 21. Nxf5 Rxf5 22. Rxf5 gxf5 23. Rf1 Ng7 24. Qd4 Qb8 25. Rf2 Qc7 26. Nd1 Re8 27. Nc3 Re1+ 28. Kh2 Re7 29. Re2 Rxe2 30. Nxe2 Qc5 31. Qxc5 dxc5 32. Nc3 Kf8 33. Na4 Ke7 34. Nxc5 Kd6 35. Nxa6 Kxd5 36. Nb4+ Kc5 37. Kg3 Kb5 38. Nc2 Ka4 39. Nd4 c3 40. bxc3 Kxa3 41. Kf4 Kb2 42. Ne2 Kc2 43. Ke3 Ne8 44. Kd4 Kd2 45. Ng3 Ng7 46. c4 Ke1 47. Ke3 h6 48. Kf3 Kd2 49. c5 f4 50. Ne4+ Kd3 51. Kxf4 Ne6+ 52. Ke5 Nd8 53. g4 Ke3 54. h4 Kf3 55. g5 hxg5 56. hxg5 Nc6+ 57. Kd6 Nd8 58. g6 Kxe4 59. c6 Kf5 60. g7 Nf7+ 61. Ke7 Nh6 62. c7 Kg6 63. c8=Q Kxg7 64. Qf8+ Kh7 65. Kf6 Ng8+ 66. Kg5 Kh8 67. Qf7 Nh6 68. Qf6+ 1-0

[Event "III Copa Marcel Duchamp 2019"]
[Site "Montevideo"]
[Date "2019.02.16"]
[Round "9.4"]
[White "Bitelmajer, Martin"]
[Black "Rodriguez Vila, Andres"]
[Result "1/2-1/2"]
[ECO "A40"]
[WhiteElo "2453"]
[BlackElo "2486"]
[Annotator "ChessBase"]
[PlyCount "78"]
[EventDate "2019.02.09"]
[EventType "swiss"]
[EventCountry "URU"]
[SourceTitle "playchess.com"]
[Source "ChessBase"]
[SourceQuality "1"]
[TimeControl "5400+30"]

1. d4 e6 2. c4 Nf6 3. g3 c5 4. d5 exd5 5. cxd5 Bd6 6. Nc3 O-O 7. Nf3 Bc7 8. Bg2 d6 9. O-O a6 10. a4 Re8 11. Nd2 Nbd7 12. b3 Rb8 13. Qc2 b5 14. e4 Ba5 15. h3 Qc7 16. Nd1 c4 17. bxc4 bxa4 18. Rxa4 Nc5 19. Ra3 Bd7 20. Bb2 Ba4 21. Qc1 Bb4 22. Re3 Qa5 23. Nc3 Nfd7 24. Nf3 Rbc8 25. Nxa4 Nxa4 26. e5 Ndb6 27. Re4 Nc3 28. Bxc3 Bxc3 29. Qf4 dxe5 30. Nxe5 Bxe5 31. Rxe5 Rxe5 32. Qxe5 Nxc4 33. Qe7 Qd8 34. Qxd8+ Rxd8 35. Rc1 Ne5 36. Ra1 Rd6 37. Ra5 Nd7 38. Bf1 Nf6 39. Rxa6 Rxa6 1/2-1/2

[Event "III Copa Marcel Duchamp 2019"]
[Site "Montevideo"]
[Date "2019.02.16"]
[Round "9.5"]
[White "Ricardi, Pablo"]
[Black "Lopez Azambuja, Nicolas"]
[Result "1-0"]
[ECO "A05"]
[WhiteElo "2479"]
[BlackElo "2320"]
[Annotator "ChessBase"]
[PlyCount "103"]
[EventDate "2019.02.09"]
[EventType "swiss"]
[EventCountry "URU"]
[SourceTitle "playchess.com"]
[Source "ChessBase"]
[SourceQuality "1"]
[TimeControl "5400+30"]

1. Nf3 Nf6 2. g3 d5 3. Bg2 c6 4. d3 Bf5 5. Nbd2 h6 6. O-O e6 7. b3 Be7 8. Bb2 O-O 9. Re1 Bh7 10. e4 a5 11. a3 Na6 12. exd5 cxd5 13. Nd4 Qb6 14. N2f3 Bc5 15. c3 Rfe8 16. b4 Bf8 17. Qd2 Nb8 18. Ne5 Nbd7 19. Nxd7 Nxd7 20. Bh3 Bg6 21. Nb3 axb4 22. cxb4 Qb5 23. Bf1 Qa4 24. Qd1 Rac8 25. Nd4 Qxd1 26. Raxd1 Nb6 27. Rc1 Na4 28. Ba1 Be7 29. Nb5 Kf8 30. f4 Nb6 31. Bd4 Rxc1 32. Rxc1 Na8 33. Kf2 f6 34. Be2 Kf7 35. h4 Bf8 36. Be3 Rd8 37. g4 Ke8 38. h5 Bf7 39. g5 fxg5 40. fxg5 hxg5 41. Bxg5 Be7 42. Bf4 Kd7 43. d4 Rh8 44. Nc7 Nb6 45. Bb5+ Kd8 46. h6 Nc4 47. hxg7 Rh4 48. Kg3 Rh7 49. Ne8 Nxa3 50. Bc7+ Kc8 51. Bd6+ Kd8 52. Bxe7+ 1-0

[Event "III Copa Marcel Duchamp 2019"]
[Site "Montevideo"]
[Date "2019.02.16"]
[Round "9.7"]
[White "Hoffman, Alejandro"]
[Black "Fiora, Emilio"]
[Result "1-0"]
[ECO "A81"]
[WhiteElo "2461"]
[BlackElo "2190"]
[Annotator "RC"]
[PlyCount "143"]
[EventDate "2019.02.09"]
[EventType "swiss"]
[EventCountry "URU"]
[SourceTitle "playchess.com"]
[Source "ChessBase"]
[SourceQuality "1"]
[TimeControl "5400+30"]

1. d4 f5 2. g3 Nf6 3. Bg2 e6 4. Nf3 Be7 5. O-O O-O 6. b3 Ne4 7. Bb2 Bf6 8. Ne1 d5 9. f3 Nd6 10. Nd3 Nd7 11. Nd2 c5 12. e3 Qb6 13. c3 Re8 14. Kh1 Nf7 15. Re1 e5 16. Qc2 Qd8 17. Nxc5 Nxc5 18. dxc5 e4 19. f4 Be6 20. b4 b6 21. Nb3 Bd7 22. Rad1 Bb5 23. Bf1 Bxf1 24. Rxf1 a5 25. a3 a4 26. Nd4 bxc5 27. Nxf5 g6 28. Nh4 Bxh4 29. gxh4 c4 30. Qd2 Qxh4 31. Qxd5 Rad8 32. Qxc4 Qh3 33. Qe2 Rd3 34. Rxd3 exd3 35. Qxd3 Rxe3 36. Qa6 Rd3 37. Qa8+ Rd8 38. Qg2 Qh5 39. c4 Nd6 40. Bf6 Rd7 41. Re1 Kf7 42. Bg5 Nf5 43. Qc6 Ng3+ 44. Kg1 Ne2+ 45. Kg2 Qg4+ 46. Kf2 Rd2 47. Ke3 Rc2 48. Qf6+ Kg8 49. Qd8+ Kf7 50. Qe7+ Kg8 51. Qe8+ Kg7 52. Bf6+ Kh6 53. Qf8+ Kh5 54. Qc5+ g5 55. Qxg5+ Qxg5 56. fxg5 Nc1 57. c5 Nb3 58. Re2 Rc1 59. Ke4 Kg6 60. Kd5 h6 61. Rg2 hxg5 62. Bxg5 Rd1+ 63. Kc4 Kf5 64. h4 Ke4 65. Re2+ Kf5 66. Re8 Ra1 67. c6 Ra2 68. Re3 Nd2+ 69. Kb5 Nb1 70. Kxa4 Rc2 71. b5 Nc3+ 72. Kb3 1-0

[Event "III Copa Marcel Duchamp 2019"]
[Site "Montevideo"]
[Date "2019.02.16"]
[Round "9.8"]
[White "Coppola, Claudio"]
[Black "Diaz Hollemaert, Nahuel"]
[Result "1-0"]
[ECO "A56"]
[WhiteElo "2209"]
[BlackElo "2426"]
[Annotator "NA"]
[PlyCount "117"]
[EventDate "2019.02.09"]
[EventType "swiss"]
[EventCountry "URU"]
[SourceTitle "playchess.com"]
[Source "ChessBase"]
[SourceQuality "1"]
[TimeControl "5400+30"]

1. d4 Nf6 2. c4 c5 3. d5 e5 4. Nc3 d6 5. e4 Be7 6. Nf3 Nbd7 7. Be2 O-O 8. O-O Ne8 9. Ne1 Bg5 10. Nd3 a6 11. g3 Bxc1 12. Rxc1 b5 13. cxb5 axb5 14. Nxb5 Rxa2 15. Na3 f5 16. Qb3 fxe4 17. Qxa2 exd3 18. Bxd3 Bb7 19. Nb5 Qb6 20. Ra1 e4 21. Be2 Ne5 22. Qa7 Qxa7 23. Rxa7 Bxd5 24. Re7 Nc6 25. Rxe8 Rxe8 26. Nc7 Rb8 27. Nxd5 Rxb2 28. Bc4 Ne5 29. Ne3+ Kf8 30. Bd5 Nf3+ 31. Kg2 Nd2 32. Ra1 Ke7 33. Ra7+ Kf6 34. Ng4+ Kg6 35. Ra6 Kf5 36. Ne3+ Ke5 37. Ra4 Rb4 38. Ra2 Rd4 39. Bg8 Nf3 40. Bxh7 d5 41. Ra5 Ne1+ 42. Kh3 Nd3 43. Ng4+ Kd6 44. Ra6+ Kc7 45. Ra7+ Kb6 46. Rxg7 c4 47. Rf7 c3 48. Ne3 Nb4 49. Rf6+ Kb5 50. Rf8 Rd3 51. Rb8+ Ka4 52. Bf5 Rd2 53. Rc8 c2 54. Nxc2 Nxc2 55. f3 Ne3 56. fxe4 Nf1 57. e5 Rxh2+ 58. Kg4 d4 59. Rc4+ 1-0

[Event "III Copa Marcel Duchamp 2019"]
[Site "Montevideo"]
[Date "2019.02.16"]
[Round "9.9"]
[White "Gemy, Jose Daniel"]
[Black "Coro, Lucas"]
[Result "1-0"]
[ECO "A05"]
[WhiteElo "2391"]
[BlackElo "2284"]
[Annotator "NA"]
[PlyCount "157"]
[EventDate "2019.02.09"]
[EventType "swiss"]
[EventCountry "URU"]
[SourceTitle "playchess.com"]
[Source "ChessBase"]
[SourceQuality "1"]
[TimeControl "5400+30"]

1. Nf3 Nf6 2. e3 g6 3. b4 Bg7 4. Bb2 O-O 5. c4 d6 6. d4 c5 7. a3 b6 8. Nbd2 Bb7 9. Be2 cxd4 10. exd4 e5 11. O-O Re8 12. dxe5 Nfd7 13. Qc2 dxe5 14. Ne4 Qc7 15. Rfd1 Bxe4 16. Qxe4 Nc6 17. Rac1 Nd4 18. Nxd4 exd4 19. Qc2 Qd6 20. Bf3 Rac8 21. Qb3 Ne5 22. Bd5 d3 23. g3 Qf6 24. Kg2 Qf5 25. Bxe5 Rxe5 26. Rxd3 Rc7 27. Rf3 Qg5 28. Rc2 Ree7 29. h4 Qe5 30. Re3 Qd6 31. Rd2 Rxe3 32. Qxe3 Qe5 33. Qf3 Qf6 34. Qd3 Qc3 35. Qe2 Qe5 36. Qxe5 Bxe5 37. Re2 Bd4 38. Rd2 Bc3 39. Rd3 Bb2 40. a4 Kg7 41. a5 Bf6 42. a6 Be7 43. c5 bxc5 44. b5 c4 45. Rc3 Bc5 46. Rxc4 Bb6 47. Bc6 Re7 48. Rc2 Ba5 49. Ra2 Bb6 50. Rd2 Ba5 51. Rd6 Bc7 52. Rd3 Bb6 53. Bf3 Re5 54. Rd7 Rxb5 55. Bd5 Kh6 56. g4 g5 57. h5 Rb4 58. f3 Rb2+ 59. Kf1 Rd2 60. Rd6+ Kg7 61. Rxb6 Rxd5 62. Rb7 Rd2 63. Rxa7 Ra2 64. Ra8 Kf6 65. a7 Kg7 66. Ke1 Kf6 67. h6 Ra1+ 68. Kd2 Ra3 69. Kc2 Ra6 70. Kb3 Rb6+ 71. Kc4 Ra6 72. Kb5 Ra1 73. Kb6 Rb1+ 74. Kc6 Rc1+ 75. Kd7 Rd1+ 76. Ke8 Ra1 77. Kf8 Kg6 78. Kg8 Ra6 79. Kh8 1-0

[Event "III Copa Marcel Duchamp 2019"]
[Site "Montevideo"]
[Date "2019.02.16"]
[Round "9.10"]
[White "Hernandez Amura, Gilberto"]
[Black "Lujan, Carolina"]
[Result "0-1"]
[ECO "B00"]
[WhiteElo "2199"]
[BlackElo "2357"]
[Annotator "NA"]
[PlyCount "80"]
[EventDate "2019.02.09"]
[EventType "swiss"]
[EventCountry "URU"]
[SourceTitle "playchess.com"]
[Source "ChessBase"]
[SourceQuality "1"]
[TimeControl "5400+30"]

1. e4 d6 2. d4 Nf6 3. Bd3 g6 4. Nf3 Bg7 5. c3 O-O 6. O-O c6 7. a4 b6 8. Re1 Qc7 9. Nbd2 Nbd7 10. Nf1 e5 11. Ng3 a5 12. Qe2 Re8 13. dxe5 dxe5 14. Bc4 Nf8 15. Ng5 Re7 16. Qc2 h6 17. Nf3 Be6 18. Nd2 Rd7 19. Bxe6 Nxe6 20. Nc4 b5 21. Na3 Rb8 22. f3 Bf8 23. Be3 Bc5 24. Qf2 Bf8 25. axb5 cxb5 26. Qf1 Bc5 27. Qf2 Kg7 28. Nf1 Qc6 29. Nc2 Bxe3 30. Qxe3 Qc7 31. Red1 b4 32. Rxd7 Nxd7 33. Qd2 Ndc5 34. Qd5 Rd8 35. Qc4 Qb6 36. Nce3 Nd3 37. cxb4 axb4 38. Ra6 Qd4 39. b3 Nef4 40. Rc6 Ne2+ 0-1

[Event "III Copa Marcel Duchamp 2019"]
[Site "Montevideo"]
[Date "2019.02.16"]
[Round "9.11"]
[White "Mussanti, Diego"]
[Black "Carbone, Diego"]
[Result "1/2-1/2"]
[ECO "C45"]
[WhiteElo "2305"]
[BlackElo "2256"]
[Annotator "NA"]
[PlyCount "40"]
[EventDate "2019.02.09"]
[EventType "swiss"]
[EventCountry "URU"]
[SourceTitle "playchess.com"]
[Source "ChessBase"]
[SourceQuality "1"]
[TimeControl "5400+30"]

1. e4 e5 2. Nf3 Nc6 3. d4 exd4 4. Nxd4 Nf6 5. Nxc6 bxc6 6. e5 Qe7 7. Qe2 Nd5 8. c4 Nb6 9. b3 Qe6 10. Bb2 Bb4+ 11. Nd2 O-O 12. a3 Bxd2+ 13. Qxd2 d5 14. cxd5 cxd5 15. Rc1 f6 16. Rxc7 fxe5 17. Qg5 Nd7 18. Bd3 Qd6 19. Rc2 Ba6 20. Qd2 Bxd3 1/2-1/2

[Event "III Copa Marcel Duchamp 2019"]
[Site "Montevideo"]
[Date "2019.02.16"]
[Round "9.12"]
[White "Zapata Charles, Santiago"]
[Black "Suarez, Pedro"]
[Result "1-0"]
[ECO "B07"]
[WhiteElo "2300"]
[BlackElo "1950"]
[Annotator "NA"]
[PlyCount "69"]
[EventDate "2019.02.09"]
[EventType "swiss"]
[EventCountry "URU"]
[SourceTitle "playchess.com"]
[Source "ChessBase"]
[SourceQuality "1"]
[TimeControl "5400+30"]

1. e4 d6 2. d4 Nf6 3. Nc3 Nbd7 4. Nf3 e5 5. Bc4 Be7 6. O-O O-O 7. Re1 c6 8. a4 Qc7 9. Ba2 b6 10. h3 Bb7 11. Nh4 Rfe8 12. Nf5 Bf8 13. dxe5 dxe5 14. Qf3 Nc5 15. Bg5 Ne6 16. Nh6+ gxh6 17. Bxf6 Bg7 18. Bxg7 Kxg7 19. Qg4+ Kh8 20. Qf5 Kg7 21. Qg4+ Kh8 22. Qh4 Kg7 23. Re3 Nf4 24. Rg3+ Ng6 25. Nd1 Qd8 26. Qh5 c5 27. Ne3 Bxe4 28. f3 Bxc2 29. Nxc2 Qd3 30. Bb1 e4 31. Kh2 e3 32. f4 Qf1 33. Nxe3 Qxf4 34. Nf5+ Kf6 35. Bd3 1-0

[Event "III Copa Marcel Duchamp 2019"]
[Site "Montevideo"]
[Date "2019.02.16"]
[Round "9.13"]
[White "De Dovitiis, Alejo"]
[Black "Trois, Francisco R.T."]
[Result "1-0"]
[ECO "D01"]
[WhiteElo "2353"]
[BlackElo "2152"]
[Annotator "NA"]
[PlyCount "59"]
[EventDate "2019.02.09"]
[EventType "swiss"]
[EventCountry "URU"]
[SourceTitle "playchess.com"]
[Source "ChessBase"]
[SourceQuality "1"]
[TimeControl "5400+30"]

1. d4 Nf6 2. Nc3 d5 3. Bg5 Bf5 4. Bxf6 exf6 5. e3 Bb4 6. Nge2 c6 7. a3 Bd6 8. Ng3 Bg6 9. Bd3 O-O 10. Bxg6 fxg6 11. Qd3 f5 12. O-O Nd7 13. Nce2 h5 14. c4 h4 15. Nh1 Qc7 16. g3 dxc4 17. Qxc4+ Kh7 18. d5 hxg3 19. hxg3 Ne5 20. Qc3 Qf7 21. f4 Ng4 22. Nf2 Nxf2 23. Kxf2 Rac8 24. Rac1 Rfe8 25. Nd4 Qxd5 26. Rfd1 Be7 27. Nxc6 Qe6 28. Nxe7 Qxe7 29. Rh1+ Kg8 30. Qb3+ 1-0

[Event "III Copa Marcel Duchamp 2019"]
[Site "Montevideo"]
[Date "2019.02.16"]
[Round "9.14"]
[White "Benoit, Rodrigo"]
[Black "Scarella, Enrique Alejandro"]
[Result "0-1"]
[ECO "B30"]
[WhiteElo "2189"]
[BlackElo "2304"]
[Annotator "NA"]
[PlyCount "70"]
[EventDate "2019.02.09"]
[EventType "swiss"]
[EventCountry "URU"]
[SourceTitle "playchess.com"]
[Source "ChessBase"]
[SourceQuality "1"]
[TimeControl "5400+30"]

1. e4 c5 2. Nf3 Nc6 3. Bb5 e6 4. O-O Nge7 5. d4 cxd4 6. Nxd4 Nxd4 7. Qxd4 Nc6 8. Qc3 Qc7 9. Be3 a6 10. Be2 b5 11. a3 Bb7 12. Nd2 Rc8 13. f4 Na5 14. Qxc7 Rxc7 15. b4 Nc4 16. Bxc4 bxc4 17. c3 Be7 18. a4 O-O 19. b5 f5 20. e5 g5 21. fxg5 Bc5 22. Bd4 Bxd4+ 23. cxd4 axb5 24. axb5 Bd5 25. Rfc1 Rb8 26. Ra5 c3 27. Nb1 c2 28. Nd2 Rc3 29. Kf2 f4 30. Nf3 Be4 31. Ng1 Rb3 32. Ne2 Rb1 33. Ra2 Rxc1 34. Nxc1 Rxb5 35. Ke1 Rb4 0-1